 Dungeon Crawl Stone Soup version 0.24-a0-699-g5a66b1aa3b (webtiles) character file.

Game seed: 8860736559404945412, levelgen mode: deterministic

114 Marnok the Shield-Bearer (level 4, -7/38 HPs)
             Began as a Demigod Fighter on Sept 29, 2019.
             Mangled by an orc priest
             ... wielding a +0 flail
              (8 damage)
             ... on level 3 of the Dungeon.
             The game lasted 00:05:20 (1054 turns).

Marnok the Shield-Bearer (Demigod Fighter)          Turns: 1054, Time: 00:05:21

Health: -7/38      AC: 10    Str: 26    XL:     4   Next: 41%
Magic:  6/6        EV: 13    Int: 12    God:
Gold:   73         SH: 11    Dex: 25    Spells: 3/3 levels left

rFire    + . .     SeeInvis .   a - +0 war axe
rCold    x . .     Gourm    .   c - +0 shield
rNeg     . . .     Faith    .   b - +0 scale mail
rPois    .         Spirit   .   n - +0 helmet
rElec    .         Reflect  .   o - +0 cloak
rCorr    .         Harm     +   (no gloves)
MR       +....                  j - +0 pair of boots
Stlth    ++........             p - amulet of harm
HPRegen  0.12/turn              h - ring of fire
MPRegen  0.10/turn              k - +5 ring of dexterity

@: mighty, agile, flying
A: high mp 1, magic resistance 1, sense surroundings 1, MP-powered wands
a: no special abilities


You were on level 3 of the Dungeon.
You were not hungry.

You visited 1 branch of the dungeon, and saw 3 of its levels.

You collected 73 gold pieces.

Inventory:

Hand Weapons
 a - a +0 war axe (weapon)
 m - a +2 quarterstaff of chaos
Armour
 b - a +0 scale mail (worn)
 c - a +0 shield (worn)
 j - a +0 pair of boots (worn)
 n - a +0 helmet (worn)
 o - a +0 cloak (worn)
Jewellery
 h - a ring of fire (left hand)
 k - a +5 ring of dexterity (right hand)
 p - an amulet of harm (around neck)
Scrolls
 g - a scroll of remove curse
Potions
 e - 2 potions of lignification
Comestibles
 f - a ration


   Skills:
 + Level 3.1 Fighting
 + Level 3.0 Axes
 + Level 3.0 Armour
 + Level 0.3 Dodging
 + Level 3.6 Shields


You had 3 spell levels left.
You didn't know any spells.
Your spell library was empty.

Dungeon Overview and Level Annotations

Branches:
Dungeon (3/15)


Innate Abilities, Weirdness & Mutations

You have an increased reservoir of magic. (+10% MP)
You are resistant to hostile enchantments. (MR+)
You passively map a small area around you.
You expend magic power (3 MP) to strengthen your wands.


Message History

Beogh smites you! The orc barely misses you.
You hit the orc but do no damage.
The orc is moderately wounded.
You block the orc's attack.
Okay, then.
You feel very mighty all of a sudden. You block the orc's attack.
You slice the orc!!
You kill the orc!
You hit the orc.
The orc is heavily wounded.
The orc completely misses you.
The orc priest mumbles some strange prayers to Beogh against you.
Beogh smites you!
* * * LOW HITPOINT WARNING * * *
The orc hits you but does no damage.
You slash the orc!
You kill the orc!
The orc priest hits you with a +0 flail!
You die...

..........#*
,##.#.. *
#........#*
,#.... #........#
#..#
#........#####..#
.###.......†...##
, *
#.########..^# *
*,*
#.########...#,
*, #)#..........#
* #@#.......#+##
, ,
#o#######.#### ,*
#.#......<...# ,
* #.#.##########
_ ,* #(#, , *≈
..# * * ###, *


You could see an orc priest.

Vanquished Creatures
  Crazy Yiuf (D:2)
  An orc wizard (D:3)
  2 adders
  2 dart slugs
  A leopard gecko (D:1)
  3 orcs (D:3)
  A giant cockroach (D:3)
  6 goblins
  5 hobgoblins
  2 jackals (D:1)
  3 kobolds
  4 bats
  5 rats
36 creatures vanquished.

Notes
Turn   | Place    | Note
-------+----------+-------------------------------------------
     0 | D:1      | Marnok the Demigod Fighter began the quest for the Orb.
     0 | D:1      | Reached XP level 1. HP: 18/18 MP: 3/3
    78 | D:1      | Reached XP level 2. HP: 18/25 MP: 4/4
   646 | D:2      | Reached XP level 3. HP: 31/31 MP: 5/5
   676 | D:2      | Found a runed translucent door.
   679 | D:2      | Noticed Crazy Yiuf
   687 | D:2      | Killed Crazy Yiuf
  1016 | D:3      | Reached XP level 4. HP: 20/38 MP: 6/6
  1020 | D:3      | Gained mutation: You are resistant to hostile enchantments.
                  | (MR+) [potion of mutation]
  1020 | D:3      | Gained mutation: You expend magic power (3 MP) to
                  | strengthen your wands. [potion of mutation]
  1020 | D:3      | Gained mutation: You passively map a small area around you.
                  | [potion of mutation]
  1053 | D:3      | HP: 1/38 [orc priest/divine providence (12)]
  1054 | D:3      | Mangled by an orc priest

Levels and vault maps discovered:
D:1:      beargit_arrival_greenhouse, layout_basic, minmay_misc_feat_plants
D:2:      layout_rooms, uniq_crazy_yiuf_cottage
D:3:      layout_basic, lemuel_crystal_altar, nicolae_ru_path_of_blood,
          uniq_natasha

Skill      XL: |  1  2  3  4 |
---------------+-------------+-----
Shields        | 3 |  3.6
Axes           | 2 3 |  3.0
Fighting       | 3 |  3.1
Armour         | 3 |  3.0
Dodging        | |  0.3

Action                   |  1- 3 |  4- 6 || total
-------------------------+-------+-------++-------
Melee: War axe           |    86 |     7 ||    93
  Use: Scroll            |     4 |       ||     4
       Potion            |       |     5 ||     5
  Eat: Chunk             |       |     1 ||     1
Armor: Scale mail        |    40 |     1 ||    41
Dodge: Dodged            |    24 |     3 ||    27
Block: Shield            |    54 |     3 ||    57

Table legend:
 A = Non-vault XP
 B = Vault XP
 C = Vault XP percentage of total XP
 D = Non-vault monster count
 E = Vault monster count
 F = Vault count percentage of total count
                 A         B        C        D         E       F
            +---------+---------+-------+---------+---------+-------
      Total |     125 |      39 |  23.8 |      35 |       1 |   2.8
            +---------+---------+-------+---------+---------+-------
        D:1 |      27 |       0 |   0.0 |      15 |       0 |   0.0
        D:2 |      32 |      39 |  54.9 |      12 |       1 |   7.7
        D:3 |      66 |       0 |   0.0 |       8 |       0 |   0.0
            +---------+---------+-------+---------+---------+-------
